 Dungeon Crawl Stone Soup version 0.19-a0-1013-g40768a3 (webtiles) character file.

689 poirepourri the Magician (level 7, -3/36 HPs)
             Began as a Deep Elf Fire Elementalist on July 24, 2016.
             Slain by an adder (4 damage)
             ... on level 5 of the Dungeon.
             The game lasted 00:08:31 (5254 turns).

poirepourri the Magician (DEFE)                     Turns: 5254, Time: 00:08:31

Health: -3/36      AC:  3    Str:  5    XL:     7   Next: 36%
Magic:  10/19      EV: 13    Int: 22    God:
Gold:   226        SH:  0    Dex: 15    Spells: 6 memorised, 2 levels left

rFire  . . .     SeeInvis .     k - +1 short sword
rCold  . . .     Gourm    .     a - +0 robe
rNeg   . . .     Faith    .     (no shield)
rPois  .         Spirit   .     (no helmet)
rElec  .         Dismiss  .     (no cloak)
rCorr  .         Reflect  .     m - +0 pair of gloves
SustAt .         Harm     .     (no boots)
MR     .....                    (no amulet)
Stlth  ++........               (no ring)
                                (no ring)

@: lethally poisoned (-3 -> -7), not resistant to hostile enchantments,
unstealthy
A: no striking features
a: no special abilities


You were on level 5 of the Dungeon.
You were not hungry.

You visited 1 branch of the dungeon, and saw 5 of its levels.

You collected 226 gold pieces.

Inventory:

Hand Weapons
 k - a +1 short sword (weapon)
Armour
 a - a +0 robe (worn)
 m - a +0 pair of gloves (worn)
Rods
 f - a -1 lightning rod (14/14)
   (You found it on level 4 of the Dungeon)
Jewellery
 d - an uncursed amulet of faith {unknown}
 j - an uncursed ring of ice {unknown}
 l - an uncursed amulet of magic regeneration {unknown}
Wands
 i - a wand of lightning (12/15)
Scrolls
 o - a scroll of remove curse
Potions
 e - 3 potions of flight
 g - a potion of berserk rage {unknown}
 n - 2 potions of heal wounds {unknown}
Books
 b - a book of Flames

   Spells                             Type                      Level
   a - Flame Tongue                   Conjuration/Fire             1
   b - Throw Flame                    Conjuration/Fire             2
   c - Conjure Flame                  Conjuration/Fire             3
   d - Inner Flame                    Hexes/Fire                   3
   e - Sticky Flame                   Conjuration/Fire             4
   f - Fireball                       Conjuration/Fire             5
Comestibles
 c - a bread ration
 h - 3 meat rations


   Skills:
 - Level 0.1 Fighting
 - Level 2.5 Dodging
 - Level 2.4 Stealth
 + Level 7.2 Spellcasting
 + Level 4.6 Conjurations
 + Level 5.9 Fire Magic


You had 2 spell levels left.
You knew the following spells:

 Your Spells              Type           Power        Failure   Level  Hunger
a - Flame Tongue          Conj/Fire      ####.        1%          1    None
b - Throw Flame           Conj/Fire      ####..       1%          2    None
c - Conjure Flame         Conj/Fire      ####....     2%          3    None
d - Inner Flame           Hex/Fire       ###.....     10%         3    None
e - Sticky Flame          Conj/Fire      ####....     12%         4    ###....
f - Fireball              Conj/Fire      ####......   28%         5    #####..


Dungeon Overview and Level Annotations

Branches:
Dungeon (5/15)
 Temple: D:4-7

Altars:
Ashenzari
Cheibriados
Dithmenos

Annotations:
D:4 Natasha


Message History

Unknown command.
Casting: Flame Tongue
Confirm with . or Enter, or press ? or * to list all spells.
Aiming: Flame Tongue
Press: ? - help, Shift-Dir - straight line, f/p - adder
Aim: an adder The flame tongue misses the adder.
* * * LOW HITPOINT WARNING * * *
You feel sick. The adder bites you.
* * * LOW HITPOINT WARNING * * *
Unknown command.
Casting: Flame Tongue
Confirm with . or Enter, or press ? or * to list all spells.
Aiming: Flame Tongue
Press: ? - help, Shift-Dir - straight line, f/p - adder
Aim: an adder The flame tongue hits the adder.
The adder is severely wounded.
The adder bites you.
You die...

## .# ##.###
###....
##....##
#...@S.#
#........#
#..........#
#...........#
............#
#..........##
#.........##
#......####


You could see an adder.

Vanquished Creatures
  Eustachio (D:3)
  An ice beast (D:3)
  The ghost of Gagarin the Ducker, an amateur DsGl (D:3)
  A hound (D:4)
  An orc priest (D:3)
  2 orc wizards
  Natasha (D:4)
  A worker ant (D:4)
  Robin (D:3)
  8 adders
  5 worms
  4 dart slugs
  3 giant geckos
  5 orcs
  6 bats
  3 giant cockroaches
  18 goblins
  9 hobgoblins
  13 jackals
  8 kobolds
  2 quokkas
  A ball python (D:2)
  2 giant newts
  7 rats
104 creatures vanquished.

Notes
Turn   | Place    | Note
-------+----------+-------------------------------------------
     0 | D:1      | poirepourri the Deep Elf Fire Elementalist began the quest for the Orb.
     0 | D:1      | Reached XP level 1. HP: 10/10 MP: 6/6
   179 | D:1      | Reached XP level 2. HP: 12/15 MP: 4/8
   199 | D:1      | Learned a level 2 spell: Throw Flame
   748 | D:2      | Found a snail-covered altar of Cheibriados.
   808 | D:2      | Reached XP level 3. HP: 13/19 MP: 5/10
   910 | D:2      | Found a shadowy altar of Dithmenos.
  1316 | D:2      | Reached skill level 4 in Spellcasting
  1391 | D:2      | Found a shattered altar of Ashenzari.
  1404 | D:2      | Learned a level 3 spell: Conjure Flame
  1408 | D:2      | Learned a level 3 spell: Inner Flame
  1425 | D:2      | Reached XP level 4. HP: 18/24 MP: 9/12
  2133 | D:3      | Noticed Robin
  2147 | D:3      | Killed Robin
  2465 | D:3      | Reached XP level 5. HP: 25/28 MP: 10/14
  2471 | D:3      | Reached skill level 5 in Spellcasting
  2552 | D:3      | Noticed Gagarin's ghost (amateur DsGl)
  2670 | D:3      | Killed Gagarin's ghost
  2670 | D:3      | Reached skill level 5 in Fire Magic
  2670 | D:3      | Reached XP level 6. HP: 25/32 MP: 6/16
  2771 | D:3      | Found a shattered altar of Ashenzari.
  3334 | D:3      | Noticed an ice beast
  3340 | D:3      | Killed an ice beast
  3340 | D:3      | Reached skill level 6 in Spellcasting
  4454 | D:4      | Noticed Eustachio
  4497 | D:3      | Killed Eustachio
  4497 | D:3      | Reached skill level 7 in Spellcasting
  4497 | D:3      | Reached XP level 7. HP: 19/36 MP: 0/19
  4751 | D:3      | Learned a level 4 spell: Sticky Flame
  4757 | D:3      | Learned a level 5 spell: Fireball
  5082 | D:4      | Noticed Natasha
  5086 | D:4      | Killed Natasha
  5242 | D:4      | Noticed Natasha
  5250 | D:5      | Entered Level 5 of the Dungeon
  5253 | D:5      | HP: 1/36 [adder (1)]
  5254 | D:5      | Slain by an adder

Vault maps used:
D:1:      minmay_arrival_open_corners, minmay_statues_item
D:2:      nicolae_dithmenos_shadow_blocks, ashenzari_conservatory_becter,
          kennysheep_slug_shrine
D:3:      serial_park_tiny_1, nicolae_ashenzari_panopticon, uniq_robin
D:4:      first_bread, uniq_natasha, uniq_eustachio
D:5:      gammafunk_temple_overflow_wave

Skill      XL: |  1  2  3  4  5  6 |
---------------+-------------------+-----
Fire Magic     | 4 5 |  5.9
Conjurations   | 2 3 4 |  4.6
Spellcasting   | 4 5 7 |  7.2
Fighting       | |  0.1
Dodging        | |  2.5
Stealth        | |  2.4

Action                   |  1- 3 |  4- 6 |  7- 9 || total
-------------------------+-------+-------+-------++-------
Melee: Short sword       |       |     7 |     3 ||    10
 Cast: Flame Tongue      |    38 |    85 |    12 ||   135
       Throw Flame       |    24 |    65 |    13 ||   102
  Use: Scroll            |     5 |     3 |       ||     8
       Potion            |       |     1 |       ||     1
  Eat: Beef jerky        |     1 |     1 |       ||     2
       Bread ration      |     1 |       |     1 ||     2
       Meat ration       |       |     1 |       ||     1
Armor: Robe              |     1 |     6 |     4 ||    11
Dodge: Dodged            |    21 |    37 |     5 ||    63
